 Dungeon Crawl Stone Soup version 0.25.0-9-g26727b657a (webtiles) character file.

Game seed: 15022255709531138313

199000 Flugkiller the Severer (level 17, -11/163 HPs)
             Began as a Deep Dwarf Fighter on June 20, 2020.
             Was the Champion of Makhleb.
             Killed from afar by a tengu reaver (27 damage)
             ... with a bolt of lightning
             ... on level 5 of the Vaults.
             The game lasted 00:17:28 (18212 turns).

Flugkiller the Severer (Deep Dwarf Fighter)        Turns: 18212, Time: 00:17:28

Health: -11/163    AC: 35    Str: 30    XL:     17   Next: 38%
Magic:  19/19      EV:  6    Int: 16    God:    Makhleb [******]
Gold:   2594       SH: 21    Dex: 10    Spells: 16/16 levels left

rFire    + . .     SeeInvis .   T - +0 broad axe (elec)
rCold    + . .     Gourm    .   I - +0 tower shield
rNeg     + . .     Faith    +   A - +1 plate armour {rF+}
rPois    .         Spirit   .   m - +2 helmet
rElec    .         Reflect  .   a - +1 cloak {MR+}
rCorr    .         Harm     .   c - +0 pair of gloves
MR       +++..                  Q - +2 pair of boots
Stlth    ..........             D - amulet of faith
HPRegen  0.00/turn              M - ring of Baff {rC+ Str+4 Int+6}
MPRegen  0.16/turn              p - +4 ring of protection

@: lethally poisoned (-11 -> -14), about to teleport, non-regenerating, hasted,
very quick
A: damage resistance, heal wounds, hooves 1, icy blue scales 1, clumsy 1,
deterioration 1, negative energy resistance 1, sense surroundings 2, no
regeneration
}: 2/15 runes: serpentine, barnacled
a: Heal Wounds, Minor Destruction, Lesser Servant of Makhleb, Major Destruction,
Greater Servant of Makhleb, Renounce Religion


You were on level 5 of the Vaults.
You worshipped Makhleb.
Makhleb was exalted by your worship.
You were hungry.

You visited 7 branches of the dungeon, and saw 36 of its levels.
You also visited: Gauntlet and Wizlab.

You collected 2861 gold pieces.
You spent 267 gold pieces at shops.

Inventory:

Hand Weapons
 T - a +0 broad axe of electrocution (weapon)
   (You acquired it on level 1 of the Snake Pit)
Missiles
 O - 5 throwing nets (quivered)
Armour
 a - a +1 cloak of magic resistance (worn)
   (You acquired it on level 8 of the Dungeon)
 c - a +0 pair of gloves (worn)
   (You found it on level 2 of the Orcish Mines)
 m - a +2 helmet (worn)
   (You found it on level 8 of the Dungeon)
 A - a +1 plate armour of fire resistance (worn)
   (You took it off an orc warrior on level 2 of the Orcish Mines)
 H - a +2 cloak of poison resistance
   (You acquired it on level 1 of the Snake Pit)
 I - a +0 tower shield (worn)
   (You took it off a minotaur in a Gauntlet)
 Q - a +2 pair of boots (worn)
   (You found it on level 6 of the Dungeon)
Jewellery
 i - an uncursed ring of see invisible
   (You found it on level 4 of the Dungeon)
 l - the ring of Kojex {rElec rN++ Str+6}
   (You found it on level 5 of the Dungeon)

   [ring of strength]

   It affects your strength (+6).
   It insulates you from electricity.
   It greatly protects you from negative energy.
 p - a +4 ring of protection (right hand)
   (You found it on level 3 of the Shoals)
 v - a +4 ring of evasion
   (You found it on level 9 of the Dungeon)
 D - an amulet of faith (around neck)
   (You found it in a Gauntlet)
 K - the ring "Saafoagu" {*Slow rPois rC+ Dex+3}
   (You found it in a Gauntlet)

   [ring of poison resistance]

   It affects your dexterity (+3).
   It protects you from cold.
   It protects you from poison.
   It may slow you when you take damage.
 M - the ring of Baff (left hand) {rC+ Str+4 Int+6}
   (You took it off a minotaur in a Gauntlet)

   [ring of protection from cold]

   It affects your strength (+4).
   It affects your intelligence (+6).
   It protects you from cold.
Wands
 s - a wand of paralysis (24)
   (You found it on level 6 of the Dungeon)
 y - a wand of clouds (5)
   (You found it on level 9 of the Dungeon)
 F - a wand of enslavement (21)
   (You found it on level 13 of the Dungeon)
 P - a wand of iceblast (4)
   (You found it on level 13 of the Dungeon)
Scrolls
 b - 2 scrolls of magic mapping
 r - 4 scrolls of identify
 t - 7 scrolls of teleportation
 x - 7 scrolls of remove curse
 z - a scroll of blinking
 B - 3 scrolls of silence
 C - 3 scrolls of fog
 G - 3 scrolls of immolation
 S - a scroll of summoning {unknown}
 U - 2 scrolls of fear
Potions
 d - 4 potions of might
 f - 3 potions of lignification
 g - 3 potions of invisibility
 h - 5 potions of haste
 j - 2 potions of ambrosia
 n - 2 potions of resistance
 o - 3 potions of cancellation
 q - 9 potions of curing
 u - 2 potions of flight
 w - 6 potions of heal wounds
 E - 5 potions of brilliance
 J - 2 potions of stabbing
 N - 4 potions of mutation
 R - a potion of berserk rage
Miscellaneous
 L - a tin of tremorstones (3/3)
   (You found it in a Gauntlet)
Comestibles
 e - 32 rations


   Skills:
 + Level 13.0 Fighting
 - Level 18.0 Axes
 + Level 15.1 Armour
 - Level 15.0 Shields
 - Level 15.0 Invocations
 - Level 6.0 Evocations


You had 16 spell levels left.
You didn't know any spells.
Your spell library was empty.

Dungeon Overview and Level Annotations

Branches:
Dungeon (15/15)            Temple (1/1) D:5            Lair (5/6) D:11
 Shoals (4/4) Lair:4        Snake (4/4) Lair:4          Orc (2/2) D:10
    Elf (0/3) Orc:2        Vaults (5/5) D:14         Depths (0/5) D:15
 WizLab (visited)         Gauntlet (visited)
  Slime: Lair:5-6     Crypt: Vaults:2-3

Altars:
Ashenzari
Cheibriados
Dithmenos
Elyvilon
Gozag
Hepliaklqana
Kikubaaqudgha
Makhleb
Qazlal
Ru
Sif Muna
Vehumet
Wu Jian
Xom
Yredelemnul
Zin
The Shining One
Beogh

Shops:
D:8 *   Orc:1 :   Orc:2 (}!   Shoals:2 *

Annotations:
Lair:2 exclusion: oklob plant
Orc:1 exclusion: oklob plant


Innate Abilities, Weirdness & Mutations

You are resistant to damage.
You can heal yourself by infusing magical energy.
You resist negative energy. (rN+)
You passively map the area around you.
You do not regenerate.
You have large cloven feet.
You are partially covered in icy blue scales. (AC +2)
You are clumsy. (Dex -2)
Your body sometimes deteriorates upon taking damage.


Message History

The reaper hits you from afar with a +5 scythe of flaming.
* * * LOW HITPOINT WARNING * * *
The ironbrand convoker points at the vault guard and mumbles some strange words.
The vault guard seems to grow stronger.
Unknown command.
You feel much better.
You are no longer corroded.
You feel sick. The Executioner hits you!!
* * * LOW HITPOINT WARNING * * *
The Executioner hits you. You block the Executioner's attack.
The Executioner hits you but does no damage.
You block the Executioner's attack.
The Executioner hits you but does no damage.
Your blizzard demon barely misses the Executioner.
Your blizzard demon hits the Executioner!
The vault guard hits you from afar with a +3 vampiric halberd!
* * * LOW HITPOINT WARNING * * *
The tengu reaver casts a spell at you. The bolt of lightning hits you!!
You die...

, , , , *** , ,........##
*, * , .........## , * ,
, ,..........##*, *,,
,...........# ,, * * ,*
.[...*...## ,, , ,,
.)e..Q..#, #,, , , * ## *
#12)2p.# .# , ,* , ,..###
*#@)ppp#..# , , , ,
.....####{ppp...#,, *, ,
...w...##pppp...# * ,,
,....C..upppp.#..# ..#
,........pppp.#..# ...# ,
* ........pp..##..#....#,
* ........)..###..#.^..#
*. ,
###......#####.^#....# ..
,
............p.p.#.p..#...


You could see a tengu reaver, a reaper (summoned), 16 vault guards, an
Executioner (summoned, fast), a hell knight (strong), a deep elf archer (repels
missiles), an ironbrand convoker, a battlesphere and a friendly blizzard demon
(summoned).

Vanquished Creatures
  Saint Roka (Orc:2)
  A quicksilver dragon (Vaults:5)
  6 nagarajas (Snake:4)
  An orc warlord (Orc:1)
  A fire giant (Vaults:4)
  3 frost giants
  A vault warden (Vaults:4)
  An ironheart preserver (Vaults:5)
  A very ugly thing (Vaults:5)
  A minotaur (Gauntlet)
  A deep elf annihilator (Vaults:5)
  An ettin (Vaults:4)
  A merfolk javelineer (Shoals:4)
  6 merfolk impalers
  2 great orbs of eyes
  2 yaktaur captains
  4 hydras
  5 vault guards
  A hell beast (Gauntlet)
  A merfolk avatar (Shoals:1)
  12 two-headed ogres
  An alligator snapping turtle (Shoals:3)
  4 anacondas
  5 centaur warriors
  5 ogre magi
  7 naga warriors (Snake:4)
  2 satyrs
  Urug (Orc:2)
  Nergalle (Orc:2)
  2 orc high priests (Orc:2)
  4 naga sharpshooters
  Sonja (Lair:4)
  A deep elf knight (Vaults:5)
  A shadow wraith (Vaults:3)
  5 skeletal warriors (D:11)
  20 sea snakes
  A kraken simulacrum (Shoals:4)
  3 orc knights
  3 unseen horrors
  8 harpies
  A glowing orange brain (Vaults:2)
  An ironbrand convoker (Vaults:3)
  A harpy (shapeshifter) (Vaults:2)
  4 manticores
  14 ugly things
  A faun (Shoals:4)
  10 orc sorcerers
  2 mana vipers (Snake:4)
  2 wolf spiders
  5 cyclopes
  2 salamanders (Snake:4)
  2 elephants (Lair:4)
  8 naga magi
  Maurice (Orc:2)
  3 vault sentinels
  2 merfolk sirens (Shoals:4)
  An eye of devastation (Gauntlet)
  6 guardian serpents (Snake:4)
  13 black mambas
  3 gargoyles
  2 water nymphs
  Psyche (D:8)
  4 spiny frogs
  3 centaur skeletons
  An efreet (D:14)
  7 yaktaurs
  2 freezing wraiths
  7 komodo dragons
  8 trolls
  Prince Ribbit (D:6)
  2 wind drakes
  11 merfolk
  7 blink frogs
  12 dream sheep
  3 snapping turtles
  9 slime creatures
  5 hippogriffs
  3 water elementals
  6 wraiths
  11 yaks
  Eustachio (D:6)
  3 wyverns
  2 basilisks
  A hungry ghost (D:10)
  A golden eye (Gauntlet)
  7 vampire mosquitoes
  9 wargs
  An acid dragon (Vaults:2)
  2 soldier ants
  Edmund (D:6)
  3 swamp worms (Gauntlet)
  28 nagas
  6 water moccasins
  A hell hound (Gauntlet)
  A floating eye (Gauntlet)
  6 porcupines
  5 sky beasts
  4 ice beasts
  24 orc warriors
  5 phantoms
  A black bear (D:11)
  19 ogres
  7 centaurs
  6 wolves
  6 crocodiles
  A big kobold (D:7)
  16 bullfrogs
  A wyvern zombie (D:11)
  4 scorpions
  11 wights
  5 howler monkeys
  2 electric eels (Snake:4)
  A quasit (D:7)
  2 bullfrog zombies
  42 orc wizards
  19 orc priests
  9 hounds
  5 jellies
  2 bullfrog skeletons
  5 iguanas
  6 worker ants
  A hound zombie (D:6)
  2 hound skeletons
  2 worker ant zombies
  6 gnolls
  6 adders
  2 shadow imps
  2 adder skeletons
  A dart slug (D:4)
  3 leopard geckos
  129 orcs
  A giant cockroach (D:4)
  2 goblins
  A hobgoblin (D:1)
  2 jackals (D:5)
  7 quokkas
  5 frilled lizards
  A jackal skeleton (D:4)
  3 kobolds
  A leopard gecko zombie (D:9)
  2 quokka skeletons (D:9)
  A quokka zombie (D:8)
  5 fungi
  7 plants
  A tentacle (Shoals:4)
789 creatures vanquished.

Vanquished Creatures (collateral kills)
  A nagaraja (Snake:4)
  2 hydras
  A vault guard (Vaults:5)
  2 merfolk avatars
  2 satyrs (Shoals:4)
  A merfolk aquamancer (Shoals:4)
  2 alligator snapping turtles
  A naga sharpshooter (Snake:4)
  4 sea snakes
  An ironbrand convoker (Vaults:5)
  A faun (Shoals:4)
  4 manticores
  A guardian serpent (Snake:4)
  A merfolk siren (Shoals:4)
  A water nymph (Shoals:4)
  2 naga magi (Snake:4)
  A rime drake (Lair:4)
  6 merfolk (Shoals:4)
  5 snapping turtles
  2 dream sheep (Shoals:3)
  3 water elementals
  3 yaks
  7 nagas (Snake:4)
  A porcupine (D:11)
  2 centaurs (Lair:4)
  A crocodile (Lair:1)
  A worker ant (D:11)
59 creatures vanquished.

Vanquished Creatures (others)
  A guardian serpent (Snake:4)
  19 fungi
  16 plants
36 creatures vanquished.

Grand Total: 884 creatures vanquished

Notes
Turn   | Place    | Note
-------+----------+-------------------------------------------
     0 | D:1      | Flugkiller the Deep Dwarf Fighter began the quest for the
                  | Orb.
     0 | D:1      | Reached XP level 1. HP: 20/20 MP: 1/1
   124 | D:2      | Reached XP level 2. HP: 27/27 MP: 2/2
   209 | D:3      | Reached skill level 3 in Axes
   209 | D:3      | Reached XP level 3. HP: 20/34 MP: 3/3
   234 | D:3      | Reached XP level 4. HP: 26/42 MP: 4/4
   352 | D:4      | Noticed a phantom
   379 | D:4      | Killed a phantom
   379 | D:4      | Reached skill level 4 in Axes
   379 | D:4      | Reached XP level 5. HP: 40/49 MP: 5/5
   461 | D:4      | Noticed an ogre
   476 | D:4      | Killed an ogre
   476 | D:4      | Reached XP level 6. HP: 57/57 MP: 5/5
   649 | D:4      | Reached skill level 5 in Axes
  1013 | D:5      | Entered Level 5 of the Dungeon
  1025 | D:5      | Got a crude lead ring
  1034 | D:5      | Identified the ring of Kojex {rElec rN++ Str+6} (You found
                  | it on level 5 of the Dungeon)
  1078 | D:5      | Reached XP level 7. HP: 40/64 MP: 6/6
  1155 | D:5      | Found a faded altar of an unknown god.
  1157 | D:5      | Found a staircase to the Ecumenical Temple.
  1198 | D:5      | Reached skill level 5 in Armour
  1198 | D:5      | Reached skill level 5 in Shields
  1217 | Temple   | Entered the Ecumenical Temple
  1320 | Temple   | Became a worshipper of Makhleb the Destroyer
  1937 | D:6      | Reached skill level 1 in Invocations
  1937 | D:6      | Reached skill level 6 in Axes
  2079 | D:6      | Noticed Prince Ribbit
  2159 | D:6      | Noticed Eustachio
  2188 | D:6      | Killed Prince Ribbit
  2188 | D:6      | Reached XP level 8. HP: 34/73 MP: 8/8
  2213 | D:6      | Killed Eustachio
  2282 | D:6      | Noticed Edmund
  2302 | D:6      | Killed Edmund
  2302 | D:6      | Reached skill level 7 in Axes
  2409 | D:6      | Found a shattered altar of Ashenzari.
  2558 | D:6      | Reached skill level 5 in Fighting
  2567 | D:6      | Reached * piety under Makhleb
  2691 | D:6      | Found a glowing golden altar of the Shining One.
  2930 | D:7      | Reached skill level 8 in Axes
  2930 | D:7      | Gained mutation: You passively map the area around you.
                  | [Deep Dwarf growth]
  2930 | D:7      | Reached XP level 9. HP: 56/81 MP: 9/9
  2976 | D:7      | Gained mutation: You are dopey. (Int -2) [potion of
                  | mutation]
  2976 | D:7      | Gained mutation: You are agile. (Dex +2) [potion of
                  | mutation]
  2977 | D:7      | Lost mutation: You are agile. (Dex +2) [potion of mutation]
  2977 | D:7      | Lost mutation: You are dopey. (Int -2) [potion of mutation]
  2977 | D:7      | Gained mutation: Your body sometimes deteriorates upon
                  | taking damage. [potion of mutation]
  2977 | D:7      | Gained mutation: You are partially covered in icy blue
                  | scales. (AC +2) [potion of mutation]
  2977 | D:7      | Gained mutation: You are clumsy. (Dex -2) [potion of
                  | mutation]
  2977 | D:7      | Gained mutation: You have large cloven feet. [potion of
                  | mutation]
  3281 | D:7      | Reached skill level 5 in Invocations
  3286 | D:7      | Reached ** piety under Makhleb
  3392 | D:8      | Found a shattered altar of Ashenzari.
  3427 | D:8      | Found Geimineo's Elemental Accessories.
  3630 | D:8      | Noticed Psyche
  3639 | D:8      | Killed Psyche
  3639 | D:8      | Reached skill level 9 in Axes
  3738 | D:8      | Identified a scroll of acquirement
  3898 | D:9      | Noticed a cyclops
  3926 | D:9      | Killed a cyclops
  3926 | D:9      | Reached XP level 10. HP: 42/91 MP: 10/10
  4370 | D:9      | Reached skill level 10 in Axes
  4516 | D:10     | Entered Level 10 of the Dungeon
  4566 | D:10     | Reached *** piety under Makhleb
  4637 | D:10     | Killed an unseen horror
  4738 | D:10     | Reached skill level 11 in Axes
  4814 | D:10     | Noticed a two-headed ogre
  4825 | D:10     | Killed a two-headed ogre
  4825 | D:10     | Reached XP level 11. HP: 58/100 MP: 11/13
  5070 | D:10     | Found a staircase to the Orcish Mines.
  5101 | D:10     | Reached **** piety under Makhleb
  5227 | D:11     | Found a gate leading to a gauntlet.
  5241 | Gauntlet | Entered a Gauntlet
  5241 | Gauntlet | Found a transporter.
  5251 | Gauntlet | Found a transporter.
  5258 | Gauntlet | Noticed a fire crab
  5259 | Gauntlet | Found a transporter.
  5261 | Gauntlet | Found a transporter.
  5269 | Gauntlet | Found a transporter.
  5278 | Gauntlet | Noticed a catoblepas
  5282 | Gauntlet | Noticed a catoblepas
  5284 | Gauntlet | Found a runed translucent gate.
  5285 | Gauntlet | Found a transporter.
  5285 | Gauntlet | Found a runed translucent gate.
  5286 | Gauntlet | Found a runed translucent gate.
  5295 | Gauntlet | Found a transporter.
  5305 | Gauntlet | Found a transporter.
  5320 | Gauntlet | Found a transporter.
  5334 | Gauntlet | Found a transporter.
  5334 | Gauntlet | Found a transporter.
  5394 | Gauntlet | Found a transporter.
  5395 | Gauntlet | Noticed a hell beast
  5397 | Gauntlet | Found a transporter.
  5407 | Gauntlet | Found a transporter.
  5670 | Gauntlet | Killed a hell beast
  5677 | Gauntlet | Got a pitted brass ring
  5682 | Gauntlet | Identified the ring of Lanas Oseon {Wiz rC+} (You found it
                  | in a Gauntlet)
  5722 | Gauntlet | Identified the +4 ring mail "Ibimaraw" {*Contam rPois Str+6
                  | Stlth+}
  5722 | Gauntlet | Identified the ring of Baff {rC+ Str+4 Int+6}
  5722 | Gauntlet | Noticed a minotaur
  5734 | Gauntlet | Killed a minotaur
  5745 | Gauntlet | Got a steaming steel ring
  5750 | D:11     | Identified the ring "Saafoagu" {*Slow rPois rC+ Dex+3} (You
                  | found it in a Gauntlet)
  5774 | D:11     | Noticed a six-headed hydra
  5805 | D:11     | Reached skill level 12 in Axes
  5825 | D:11     | Killed a 13-headed hydra
  5879 | D:11     | Found a staircase to the Lair.
  6028 | D:11     | Killed an unseen horror
  6028 | D:11     | Reached skill level 1 in Evocations
  6146 | D:11     | Noticed a skeletal warrior
  6146 | D:11     | Noticed a skeletal warrior
  6147 | D:11     | Noticed a skeletal warrior
  6148 | D:11     | Noticed a skeletal warrior
  6149 | D:11     | Noticed a skeletal warrior
  6163 | D:11     | Killed a skeletal warrior
  6191 | D:11     | Killed a skeletal warrior
  6205 | D:11     | Killed a skeletal warrior
  6216 | D:11     | Killed a skeletal warrior
  6216 | D:11     | Reached XP level 12. HP: 60/110 MP: 14/14
  6676 | Lair:1   | Entered Level 1 of the Lair of Beasts
  6841 | Lair:1   | Noticed a five-headed hydra
  6868 | Lair:1   | Killed a 17-headed hydra
  7036 | Lair:1   | Reached skill level 10 in Invocations
  7278 | Lair:1   | Reached skill level 13 in Axes
  7736 | Lair:2   | Reached skill level 10 in Armour
  7862 | Lair:2   | Reached skill level 10 in Shields
  8524 | Lair:3   | Reached skill level 5 in Evocations
  8980 | Lair:4   | Found a staircase to the Snake Pit.
  9210 | Lair:4   | Noticed an eight-headed hydra
  9219 | Lair:4   | Killed an 11-headed hydra
  9281 | Lair:4   | Found a staircase to the Shoals.
  9311 | Lair:4   | Reached XP level 13. HP: 118/118 MP: 16/16
  9339 | Lair:4   | Noticed Sonja
  9352 | Lair:4   | Killed Sonja
  9899 | D:12     | Reached ***** piety under Makhleb
  9964 | D:12     | Reached skill level 14 in Axes
 10040 | Orc:1    | Entered Level 1 of the Orcish Mines
 10248 | Orc:1    | Noticed an orc warlord
 10302 | Orc:1    | Killed an orc warlord
 10345 | Orc:1    | Found Edossoko's Book Shop.
 10467 | Orc:2    | Entered Level 2 of the Orcish Mines
 10469 | Orc:2    | Noticed Maurice
 10475 | Orc:2    | Found a staircase to the Elven Halls.
 10493 | Orc:2    | Killed Maurice
 10592 | Orc:2    | Found Cuduoc's Antique Weapon Shop.
 10675 | Orc:2    | Found a radiant altar of Vehumet.
 10699 | Orc:2    | Found Gaqiotiry's Gadget Boutique.
 10730 | Orc:2    | Reached ****** piety under Makhleb
 10730 | Orc:2    | Noticed Nergalle
 10731 | Orc:2    | Found an ancient bone altar of Kikubaaqudgha.
 10741 | Orc:2    | Killed Nergalle
 10782 | Orc:2    | Found a roughly hewn altar of Beogh.
 10797 | Orc:2    | Found Goeruid's Distillery.
 10844 | Orc:2    | Found Zafemuo's Distillery.
 10860 | Orc:2    | Bought a potion of mutation for 104 gold pieces
 10913 | Orc:2    | Noticed Urug
 10929 | Orc:2    | Killed Urug
 10985 | Orc:2    | Bought a potion of might for 52 gold pieces
 10985 | Orc:2    | Bought a potion of might for 52 gold pieces
 11381 | Orc:2    | Noticed Saint Roka
 11391 | Orc:2    | Reached skill level 15 in Axes
 11405 | Orc:2    | Gained mutation: You resist negative energy. (rN+) [Deep
                  | Dwarf growth]
 11405 | Orc:2    | Reached XP level 14. HP: 103/130 MP: 18/18
 11430 | Orc:2    | Noticed an Executioner
 11436 | Orc:2    | Killed Saint Roka
 12291 | D:12     | Reached skill level 10 in Fighting
 12644 | D:13     | Found the +5 scythe "Finisher" {speed, eviscerate}
 13680 | D:14     | Reached skill level 16 in Axes
 13880 | D:14     | Found a snail-covered altar of Cheibriados.
 14253 | D:14     | Found a gate to the Vaults.
 14381 | D:15     | Entered Level 15 of the Dungeon
 14491 | D:15     | Found a staircase to the Depths.
 14673 | Snake:1  | Entered Level 1 of the Snake Pit
 14792 | Snake:2  | Reached XP level 15. HP: 140/140 MP: 18/18
 14847 | Snake:4  | Entered Level 4 of the Snake Pit
 14962 | Snake:4  | Noticed a nagaraja
 14977 | Snake:4  | Killed a nagaraja
 15096 | Snake:4  | Reached skill level 17 in Axes
 15193 | Snake:4  | Noticed a nagaraja
 15193 | Snake:4  | Noticed a nagaraja
 15212 | Snake:4  | Killed a nagaraja
 15248 | Snake:4  | Noticed a nagaraja
 15261 | Snake:4  | Killed a nagaraja
 15276 | Snake:4  | Killed a nagaraja
 15284 | Snake:4  | Noticed a nagaraja
 15288 | Snake:4  | Noticed a nagaraja
 15299 | Snake:4  | Noticed a nagaraja
 15304 | Snake:4  | Killed a nagaraja
 15320 | Snake:4  | Killed a nagaraja
 15326 | Snake:4  | Killed a nagaraja
 15326 | Snake:4  | Reached XP level 16. HP: 111/150 MP: 20/20
 15347 | Snake:4  | Got a serpentine rune of Zot
 15513 | Shoals:1 | Entered Level 1 of the Shoals
 15739 | Shoals:2 | Found Idydaty's Incredible Inventory.
 15748 | Shoals:2 | Bought a scroll of immolation for 59 gold pieces
 16126 | Shoals:4 | Entered Level 4 of the Shoals
 16202 | Shoals:4 | Reached skill level 18 in Axes
 16581 | Shoals:4 | Reached skill level 15 in Invocations
 16891 | Shoals:4 | Got a barnacled rune of Zot
 17211 | Vaults:1 | Entered Level 1 of the Vaults
 17443 | Vaults:1 | Found a basalt altar of Yredelemnul.
 17446 | Vaults:1 | Found the +5 robe of Night {Dark MR+ SInv}
 17573 | Vaults:2 | Reached XP level 17. HP: 162/162 MP: 19/19
 17692 | Vaults:2 | Found a magical portal.
 17702 | WizLab   | Entered The Hall of the Hellbinder
 18141 | Vaults:5 | Entered Level 5 of the Vaults
 18149 | Vaults:5 | Noticed an ancient lich
 18152 | Vaults:5 | Noticed a titan
 18157 | Vaults:5 | Noticed a quicksilver dragon
 18175 | Vaults:5 | Killed a quicksilver dragon
 18182 | Vaults:5 | Reached skill level 15 in Armour
 18182 | Vaults:5 | Reached skill level 15 in Shields
 18212 | Vaults:5 | Killed from afar by a tengu reaver

Illustrated notes

Levels and vault maps discovered:
D:1:      wander_arrival_desolate, layout_basic
D:2:      layout_basic, first_ration
D:3:      layout_basic
D:4:      layout_loops_cross
D:5:      layout_basic, nicolae_temple_entry_ecumenical, grunt_ministairs_6,
          st_stairs_10, kennysheep_generic_room_10
D:6:      layout_basic, ashenzari_conservatory_becter,
          nicolae_tso_swordbearing_angel, uniq_edmund, uniq_prince_ribbit1,
          uniq_eustachio
D:7:      layout_rooms, grunt_ogre_cave
D:8:      layout_rooms, nicolae_elemental_shop, evilmike_ruin_ashenzari,
          uniq_psyche
D:9:      layout_basic, serial_glass, glass_columns_a, glass_columns_a,
          lemuel_statue_altar
D:10:     layout_rooms, hiddenorc2_lemuel, kennysheep_nondescript
D:11:     layout_long_grid, due_lair_maze_entry_diamond, gauntlet_entry_generic
D:12:     layout_roguey
D:13:     layout_long_grid, minmay_misc_feat_columns,
          chequers_serial_rivers_micro_d, minmay_guarded_unrand_finisher
D:14:     layout_layer_cave, david_vaults_5, chequers_serial_rivers_small_b,
          basic_altar
D:15:     grunt_enter_depths_snipers, layout_rooms, solitary_fountain
Temple:   minmay_crystal_snake_temple
Lair:1:   layout_cave_pods
Lair:2:   layout_roguey, minmay_stone_trees_small,
          chequers_serial_rivers_micro_d, minmay_lair_oklob_items,
          grunt_megastairs_1
Lair:3:   layout_loops_ring, beast_lair_carwin_2
Lair:4:   layout_regular_city, minmay_shoals_entry_centaurs, dummy_snake_entry,
          minivault_23, beast_lair_carwin_11, uniq_sonja
Lair:5:   layout_small_grid, beast_lair_carwin_3, serial_bayou_shore_b,
          infiniplex_staircase_pool, serial_bayou_shore_b, serial_bayou_shore_b,
          lemuel_fruit_tree
Shoals:1: layout_shoals
Shoals:2: layout_shoals, nicolae_alphabet_shops
Shoals:3: cheibrodos_shoals_epimethial_gifts, layout_shoals
Shoals:4: shoals_end_grunt_ice, layout_shoals
Snake:1:  layout_honeycomb, serial_bayou_crossing, uniq_louise
Snake:2:  layout_chambers, ebering_ghost_disaster_area, minmay_shop_star
Snake:3:  layout_onion_interference, nicolae_snake_squiggles, uniq_jorgrun
Snake:4:  grunt_snake_rune_pools, layout_cave_town, serial_bayou_pond_a,
          grunt_ministairs_7, serial_bayou_lake_a
Orc:1:    layout_caves, serial_shops, nicolae_shop_competitors_out_of_business,
          mines3_lemuel
Orc:2:    kennysheep_orc_mage_school, layout_caves, nooodl_orcs_dogs,
          uniq_saint_roka, uniq_urug, uniq_maurice
Vaults:1: nicolae_vaults_specimen_jars, grunt_vaults_focal,
          nicolae_vaults_big_angled_halls,
          nicolae_vaults_windows_and_doors_thing, v_misc_13,
          nicolae_vaults_big_ls, ontoclasm_vaults_pinch, v_pattern_4,
          grunt_vaults_twisty, v_alt_pattern_6, vaults_room_semicircle,
          nicolae_vaults_ninety_degrees, ontoclasm_vaults_loading_screen,
          st_octagons_1, layout_vaults_omnibox, basic_altar
Vaults:2: v_misc_25, hangedman_vaults_nodes, minmay_crypt_entry_necro_gods,
          ontoclasm_vaults_twist, v_pattern_3, grunt_vaults_hallway_long,
          v_misc_11, vaults_mumra_hex, serial_ice_h, layout_vaults_quadrants,
          serial_shops, nicolae_shop_temple_entry_statues_fountains,
          mu_enter_wizlab_4
Vaults:3: v_alt_pattern_5, vaults_mumra_lcd, v_misc_30, st_diamondy, v_misc_18,
          vaults_mumra_chevron, nicolae_vaults_alarming,
          vaults_standard_mumra_x, grunt_vaults_swirl, v_misc_14,
          layout_vaults_big_room
Vaults:4: hangedman_vaults_nails, v_misc_12, v_misc_5, st_hourglassy,
          vaults_room_semicircle, v_misc_32, nicolae_vaults_hallways_thing,
          v_pattern_5, ontoclasm_vaults_chip, layout_vaults_omnicross,
          serial_shops, shop_statue
Vaults:5: serial_shops

Skill      XL: |  1  2  3  4  5  6  7  8  9 10 11 12 13 14 15 16 17 |
---------------+----------------------------------------------------+-----
Fighting       | 3 4 5 6 7 8 9 10 11 12 13 | 13.0
Axes           | 3 4 5 6 8 9 11 12 13 15 16 17 18 | 18.0
Armour         | 4 5 6 7 8 9 10 11 12 13 14 15 | 15.1
Shields        | 4 5 6 7 8 9 10 11 12 13 14 15 | 15.0
Invocations    | 2 4 6 8 9 10 12 13 14 15 | 15.0
Evocations     | 2 5 6 |  6.0

Action                   |  1- 3 |  4- 6 |  7- 9 | 10-12 | 13-15 | 16-18 || total
-------------------------+-------+-------+-------+-------+-------+-------++-------
Melee: War axe           |    64 |    84 |   316 |   292 |   889 |       ||  1645
       Broad axe         |       |       |    79 |   461 |   265 |   636 ||  1441
Invok: Lesser Servant of |       |       |       |     6 |       |       ||     6
       Greater Servant o |       |       |       |       |     3 |     4 ||     7
 Abil: Heal Wounds       |     2 |     5 |    15 |    11 |     3 |    11 ||    47
Evoke: Wand              |       |       |     5 |     1 |       |     1 ||     7
       Tin of tremorston |       |       |       |     2 |     3 |     4 ||     9
  Use: Scroll            |       |     2 |    14 |     8 |    10 |     5 ||    39
       Potion            |       |       |     3 |     3 |     2 |     1 ||     9
 Stab: Paralysed         |       |       |    12 |       |       |     3 ||    15
       Invisible         |       |       |     2 |     1 |       |       ||     3
       Sleeping          |       |       |       |     3 |       |       ||     3
       Distracted        |       |       |       |       |     6 |     2 ||     8
  Eat: Chunk             |       |       |    11 |    20 |    12 |     5 ||    48
       Ration            |       |       |       |       |     3 |     1 ||     4
Armor: Scale mail        |    16 |    32 |    71 |       |       |       ||   119
       Chain mail        |       |       |    35 |       |       |       ||    35
       Plate armour      |       |       |    93 |   540 |   722 |   321 ||  1676
Dodge: Dodged            |    16 |    24 |   111 |   302 |   390 |   130 ||   973
Block: Kite shield       |    42 |    60 |   261 |   443 |       |       ||   806
       Tower shield      |       |       |       |   129 |  1217 |   633 ||  1979
